 Dungeon Crawl Stone Soup version 0.27-b1-2-g8387495791 (webtiles) character file.

Game seed: 17718251684023906202

51 pikapanic the Chopper (level 3, 0/27 HPs)
             Began as a Demonspawn Gladiator on July 26, 2021.
             Was a Follower of Cheibriados.
             Slain by Natasha (3 damage)
             ... on level 3 of the Dungeon.
             The game lasted 00:09:38 (1740 turns).

pikapanic the Chopper (Demonspawn Gladiator)        Turns: 1740, Time: 00:09:39

Health: 0/27       AC:  5    Str: 24    XL:     3   Next: 58%
Magic:  3/3        EV: 13    Int: 12    God:    Cheibriados [*.....]
Gold:   64         SH:  0    Dex: 17    Spells: 2/2 levels left

rFire    . . .     SeeInvis .   a - +0 war axe
rCold    . . .     Faith    .   (no shield)
rNeg     . . .     Spirit   .   b - +0 leather armour
rPois    .         Reflect  .   o - +2 hat
rElec    .         Harm     .   (no cloak)
rCorr    .         Rampage  .   (no gloves)
Will     .....                  (no boots)
Stlth    +.........             (no amulet)
HPRegen  0.09/turn              q - +6 ring of strength
MPRegen  0.08/turn              (no ring)

@: slowed, very slow
A: hooves 1, demonic magic 1
a: Renounce Religion, Bend Time


You were on level 3 of the Dungeon.
You worshipped Cheibriados.
Cheibriados was aware of your devotion.
You visited 1 branch of the dungeon, and saw 3 of its levels.

You collected 64 gold pieces.

Inventory:

Hand Weapons
 a - a +0 war axe (weapon)
 j - a +0 mace
 k - a +0 long sword
 l - a +0 hunting sling
 s - a +0 hand axe
 u - a +1 short sword of venom
Missiles
 d - 3 throwing nets (quivered)
 v - 14 stones
Armour
 b - a +0 leather armour (worn)
 c - a +0 helmet
 g - a +0 leather armour
 o - a +2 hat (worn)
Jewellery
 q - a +6 ring of strength (left hand)
Scrolls
 e - 2 scrolls of identify {unknown}
 f - a scroll of enchant armour {unknown}
 i - 2 scrolls of fear {unknown}
 m - a scroll of teleportation {unknown}
 r - a scroll of fog {unknown}
Potions
 h - 2 potions of cancellation {unknown}
 n - 2 potions of heal wounds {unknown}
 p - 2 potions of attraction {unknown}
 t - a potion of mutation {unknown}


   Skills:
 - Level 2.0 Fighting
 + Level 3.9 Axes
 - Level 2.1 Throwing
 - Level 2.9 Dodging


You had 2 spell levels left.
You didn't know any spells.
Your spell library was empty.

Dungeon Overview and Level Annotations

Branches:
Dungeon (3/15)

Altars:
Cheibriados

Annotations:
D:3 Natasha


Innate Abilities, Weirdness & Mutations

You have large cloven feet.
Spells you cast may paralyse adjacent enemies.


Message History

The goblin closely misses you. The goblin hits you but does no damage.
You closely miss the goblin. You kick the goblin.
The goblin is moderately wounded.
The goblin barely misses you.
You barely miss the goblin. You kick the goblin.
The goblin is severely wounded.
The goblin hits you but does no damage. Natasha claws you.
The goblin hits you but does no damage. The goblin barely misses you.
Natasha claws you.
You miss Natasha. Your kick misses Natasha. You barely miss the goblin.
The goblin barely misses you.
Natasha hisses.
Natasha closely misses you.
The crimson imp blinks!
The goblin closely misses you.
You barely miss Natasha. Your kick misses Natasha. You miss the goblin.
Natasha claws you.
The crimson imp blinks!
The goblin hits you but does no damage. Natasha completely misses you.
You miss the goblin.
The goblin is severely wounded.
The goblin hits you but does no damage.
The crimson imp blinks!
The goblin barely misses you.
You closely miss the goblin. Your kick misses the goblin.
The goblin is severely wounded.
The goblin hits you with a +0 dagger.
You hit the goblin.
You kill the goblin!
Cheibriados appreciates the change of pace.
Natasha stares at you and mumbles some strange words.
The magic dart hits you.
Natasha mumbles some strange words.
Natasha's front paws start to glow.
Natasha casts a spell at you. The magic dart hits you!
* * * LOW HITPOINT WARNING * * *
The crimson imp disappears in a puff of smoke!
Natasha casts a spell at you.
You feel yourself slow down. Natasha closely misses you.
Natasha barely misses you.
You hit Natasha but do no damage. Natasha claws you.
You die...

####.##.# #........
## #.....>.# ..
#.......# #.
#.......# #.
#.......# #.
#.......#
######.#####.......#
........@h)...#.##.##
.#####.#####(........
#. ####ยง..##... #.
#...<### #. #.##.# #.
# #.# #. #.# #. #.#
#.#


You could see Natasha.

Vanquished Creatures
  3 worms (D:2)
  An endoplasm (D:2)
  4 giant cockroaches
  4 goblins
  3 hobgoblins
  7 jackals (D:1)
  2 quokkas
  A ball python (D:1)
  4 bats
  A frilled lizard (D:1)
  2 kobolds
  8 rats
40 creatures vanquished.

Vanquished Creatures (others)
  5 fungi (D:1)
  6 plants (D:3)
11 creatures vanquished.

Grand Total: 51 creatures vanquished

Notes
Turn   | Place    | Note
-------+----------+-------------------------------------------
     0 | D:1      | pikapanic the Demonspawn Gladiator began the quest for the
                  | Orb.
     0 | D:1      | Reached XP level 1. HP: 16/16 MP: 1/1
   161 | D:1      | Gained mutation: Spells you cast may paralyse adjacent
                  | enemies. [demonic ancestry]
   161 | D:1      | Reached XP level 2. HP: 18/22 MP: 2/2
   307 | D:1      | Reached skill level 3 in Axes
   694 | D:2      | Gained mutation: You have large cloven feet. [demonic
                  | ancestry]
   694 | D:2      | Reached XP level 3. HP: 24/27 MP: 3/3
   719 | D:2      | Found a faded altar of an unknown god.
   757 | D:2      | Became a worshipper of Cheibriados the Contemplative
   757 | D:2      | Reached * piety under Cheibriados
  1724 | D:3      | Noticed Natasha
  1740 | D:3      | Slain by Natasha

Illustrated notes

Levels and vault maps discovered:
D:1:      dpeg_arrival_prison, layout_rooms
D:2:      wad_pebble_path, layout_basic, hellmonk_ecumenical_altar_lost_god,
          minmay_crystal_water
D:3:      layout_loops_ring, nicolae_hepliaklqana_hazy_memory,
          minmay_misc_feat_tiny, st_stairs_4, uniq_natasha

Skill      XL: |  1  2 |
---------------+-------+-----
Throwing       | 2 |  2.1
Axes           | 3 |  3.9
Fighting       | |  2.0
Dodging        | |  2.9

Action                   || total
-------------------------++-------
Melee: War axe           ||   117
       Kick              ||    12
Armor: Leather armour    ||    43
Dodge: Dodged            ||    99
